 Dungeon Sprint DCSS version 0.21.1-1-g345015f (webtiles) character file.

5000000 Fang the Axe Maniac (level 25, -36/257 HPs)
             Began as a Minotaur Gladiator on May 3, 2018.
             Was the Champion of Makhleb.
             Annihilated by a meat berserker
             ... wielding a +9 battleaxe
              (60 damage)
             ... in the Dungeon (Sprint VIII: "Arena of Blood").
             The game lasted 00:02:28 (50 turns).

Fang the Axe Maniac (Minotaur Gladiator)              Turns: 50, Time: 00:02:29

Health: -36/257    AC:  6    Str: 29    XL:     25   Next: 15%
Magic:  21/53      EV: 31    Int:  5    God:    Makhleb [******]
Gold:   0          SH:  0    Dex: 14    Spells: 78/78 levels left

rFire    . . .     SeeInvis .   l - +∞ Axe of Woe
rCold    . . .     Gourm    .   (shield currently unavailable)
rNeg     . . .     Faith    .   b - +0 leather armour
rPois    .         Spirit   .   c - +0 hat
rElec    .         Reflect  .   (no cloak)
rCorr    .         Harm     .   (no gloves)
MR       +....     NoTele   +   (no boots)
Stlth    +++++++++.             (no amulet)
HPRegen  0.52/turn              (no ring)
MPRegen  0.33/turn              (no ring)

@: no status effects
A: retaliatory headbutt, horns 2
a: Minor Destruction, Lesser Servant of Makhleb, Major Destruction, Greater
Servant of Makhleb, Renounce Religion


You were in the Dungeon.
You worshipped Makhleb.
Makhleb was exalted by your worship.
You were not hungry.

You visited 1 branch

Inventory:

Hand Weapons
 a - a +0 war axe
 l - the +∞ Axe of Woe (weapon)
   (You found it in the Dungeon)
Missiles
 d - 3 throwing nets (quivered)
Armour
 b - a +0 leather armour (worn)
 c - a +0 hat (worn)
Scrolls
 k - a scroll of blinking
Potions
 e - a potion of curing
 g - a potion of heal wounds
 h - a potion of haste
 i - 2 potions of magic
 j - a potion of berserk rage
Comestibles
 f - a ration


   Skills:
 O Level 27 Fighting
 O Level 27 Axes
 O Level 27 Throwing
 O Level 27 Armour
 O Level 27 Dodging
 O Level 27 Stealth
 O Level 27 Unarmed Combat
 O Level 27 Spellcasting
 O Level 27 Invocations


You had 78 spell levels left.
You didn't know any spells.

Dungeon Overview and Level Annotations

Branches:
Dungeon (1/1)

Altars:
Makhleb


Innate Abilities, Weirdness & Mutations

You reflexively headbutt those who attack you in melee.
You have a pair of horns on your head.


Message History

Makhleb accepts your kill.
You hear a shout! x5
The eight-headed meat hydra calls on the powers of darkness!
The eight-headed meat hydra convulses!
The large bag of meat convulses!
The bag of meat convulses! x4; The meat berserker convulses!
The bag of meat convulses! x5; The meat berserker convulses!
The bag of meat convulses!
Your body is wracked with pain!
The bag of meat convulses! x2
The corpses begin to drag themselves along the ground!
The meat berserker hits you with a +9 battleaxe!!!
* * * LOW HITPOINT WARNING * * *
2 orcs and 3 crawling corpses come into view.
A demon appears!
You hear a shout! x4
The sculptor of flesh is engulfed in blazing flames.
The tyrant gestures wildly while chanting.
You hear a shout!
The bag of meat moves out of view.
The destroyer blinks!
The meat berserker hits you with a +9 battleaxe!!!
You die...

. #... ..#
..o.###... ..###.
..o.......###......
.o#o...z..._.%....
#....ozD#%....#
...OOoxo#_.<._#
#....ooo#2§§§.#...
..#.xoOxz§§_§.....
...V.ox@o)###......
....o###§o§V...###.
.... #V§.....# .
#x......#
o.........
...........
...X.LX....
......X....#
.#..o.....#


You could see 3 tentacled monstrosities, a tyrant, an eight-headed meat hydra, 3
destroyers, 3 sculptors of flesh, a large bag of meat (inner flame), 2 meat
berserkers, 15 bags of meat, 5 crawling corpses and a friendly cacodemon.

Vanquished Creatures
  3 vampire knights (D)
  18 ogres (D)
  2 two-headed ogres (D)
  A hydra (D)
  23 orcs (D)
  2 small abominations (D)
  6 large abominations (D)
  4 crawling corpses (D)
59 creatures vanquished.

Notes
Turn   | Place    | Note
-------+----------+-------------------------------------------
     0 | D        | Found the +∞ Axe of Woe
     0 | D        | Fang the Minotaur Gladiator began the quest for the Orb.
     0 | D        | Reached XP level 1. HP: 18/18 MP: 0/0
     3 | D        | Noticed a bag of meat
     4 | D        | Became a worshipper of Makhleb the Destroyer
     5 | D        | Noticed a bag of meat
     6 | D        | Noticed a bag of meat
     7 | D        | Noticed a bag of meat
     7 | D        | Noticed a meat berserker
     7 | D        | Noticed a bag of meat
     9 | D        | Noticed a meat berserker
     9 | D        | Killed a bag of meat
     9 | D        | Reached XP level 2. HP: 41/41 MP: 1/1
     9 | D        | Reached XP level 3. HP: 48/48 MP: 2/2
     9 | D        | Reached XP level 4. HP: 56/56 MP: 3/3
     9 | D        | Reached XP level 5. HP: 62/62 MP: 4/4
     9 | D        | Reached XP level 6. HP: 70/70 MP: 5/5
     9 | D        | Reached XP level 7. HP: 77/77 MP: 6/6
     9 | D        | Reached XP level 8. HP: 83/83 MP: 7/7
     9 | D        | Reached XP level 9. HP: 90/90 MP: 8/8
     9 | D        | Reached XP level 10. HP: 97/97 MP: 9/9
     9 | D        | Reached XP level 11. HP: 104/104 MP: 10/10
    10 | D        | Killed a meat berserker
    10 | D        | Reached * piety under Makhleb
    10 | D        | Reached skill level 15 in Fighting
    10 | D        | Reached XP level 12. HP: 119/119 MP: 11/11
    10 | D        | Reached XP level 13. HP: 126/126 MP: 12/12
    11 | D        | Noticed a bag of meat
    11 | D        | Killed a bag of meat
    11 | D        | Reached skill level 27 in Axes
    11 | D        | Reached XP level 14. HP: 137/137 MP: 13/13
    11 | D        | Killed a meat berserker
    11 | D        | Reached skill level 27 in Dodging
    11 | D        | Reached XP level 15. HP: 156/156 MP: 14/14
    13 | D        | Reached ** piety under Makhleb
    17 | D        | Reached skill level 27 in Fighting
    17 | D        | Reached XP level 16. HP: 183/183 MP: 15/15
    17 | D        | Reached *** piety under Makhleb
    19 | D        | Noticed a meat berserker
    19 | D        | Reached skill level 27 in Throwing
    19 | D        | Reached XP level 17. HP: 191/191 MP: 15/22
    20 | D        | Noticed a large bag of meat
    20 | D        | Noticed a meat berserker
    21 | D        | Noticed a destroyer
    22 | D        | Noticed a meat berserker
    25 | D        | Noticed a large bag of meat
    26 | D        | Killed a meat berserker
    26 | D        | Reached **** piety under Makhleb
    26 | D        | Reached skill level 10 in Stealth
    26 | D        | Killed a meat berserker
    26 | D        | Reached skill level 15 in Unarmed Combat
    26 | D        | Reached skill level 10 in Spellcasting
    26 | D        | Reached XP level 18. HP: 163/200 MP: 16/31
    27 | D        | Noticed a meat berserker
    27 | D        | Reached skill level 15 in Invocations
    28 | D        | Killed a meat berserker
    29 | D        | Noticed a meat berserker
    30 | D        | Reached ***** piety under Makhleb
    30 | D        | Reached XP level 19. HP: 128/207 MP: 16/35
    31 | D        | Killed a meat berserker
    31 | D        | Reached skill level 15 in Spellcasting
    32 | D        | Noticed a meat berserker
    32 | D        | Killed a large bag of meat
    32 | D        | Killed a large bag of meat
    32 | D        | Reached XP level 20. HP: 216/216 MP: 17/40
    33 | D        | Noticed a destroyer
    33 | D        | Killed a destroyer
    33 | D        | Reached skill level 27 in Armour
    34 | D        | Noticed a meat berserker
    34 | D        | Killed a meat berserker
    34 | D        | Reached skill level 27 in Unarmed Combat
    34 | D        | Reached XP level 21. HP: 219/224 MP: 17/44
    34 | D        | Reached skill level 27 in Invocations
    35 | D        | Noticed a destroyer
    36 | D        | Reached ****** piety under Makhleb
    36 | D        | Reached skill level 27 in Stealth
    38 | D        | Noticed a destroyer
    39 | D        | Reached skill level 27 in Spellcasting
    39 | D        | Reached XP level 22. HP: 233/233 MP: 18/52
    40 | D        | Reached XP level 23. HP: 240/240 MP: 19/53
    42 | D        | Killed a destroyer
    42 | D        | Reached XP level 24. HP: 249/249 MP: 19/53
    42 | D        | Killed a destroyer
    44 | D        | Noticed a large bag of meat
    45 | D        | Noticed a destroyer
    45 | D        | Noticed a destroyer
    47 | D        | Reached XP level 25. HP: 130/257 MP: 20/53
    48 | D        | HP: 9/257 [??? (7)]
    49 | D        | Noticed a tyrant
    50 | D        | Annihilated by a meat berserker

Skill      XL: |  1  2  3  4  5  6  7  8  9 10 11 12 13 14 15 16 17 18 19 20 21 |
---------------+----------------------------------------------------------------+-----
Fighting       | 12 15 16 20 27 | 27.0
Axes           | 20 25 27 | 27.0
Throwing       | 9 12 13 16 21 27 | 27.0
Dodging        | 18 23 24 27 | 27.0
Armour         | 8 16 21 26 27 | 27.0
Stealth        | 6 13 17 21 24 27 | 27.0
Unarmed Combat | 7 15 19 25 27 | 27.0
Spellcasting   | 4 10 13 17 20 27 | 27.0
Invocations    | 6 14 18 23 26 27 | 27.0

Action                   |  1- 3 |  4- 6 |  7- 9 | 10-12 | 13-15 | 16-18 | 19-21 | 22-24 | 25-27 || total
-------------------------+-------+-------+-------+-------+-------+-------+-------+-------+-------++-------
Melee: Executioner's axe |     1 |       |       |     1 |     4 |     5 |     7 |     8 |     1 ||    27
Invok: Greater Servant o |       |       |       |       |       |       |       |       |     1 ||     1
Dodge: Dodged            |       |       |       |       |       |     1 |       |       |     1 ||     2
